 Seeded DCSS version 0.30.0-17-ge0270778cf (webtiles) character file.

Game seed: 1007316256282069755 (custom seed)

15911 edwardauron the Devastator (level 12, -9/63 HPs)
             Began as a Deep Elf Conjurer on May 22, 2023.
             Was an Elder of Sif Muna.
             Mangled by a boulder beetle (43 damage)
             ... on level 1 of the Lair of Beasts.
             The game lasted 00:28:22 (15438 turns).

edwardauron the Devastator (Deep Elf Conjurer)     Turns: 15438, Time: 00:28:22

Health: -9/63      AC: 14    Str:  4    XL:     12   Next: 5%
Magic:  13/24      EV: 31    Int: 27    God:    Sif Muna [****..]
Gold:   595        SH:  0    Dex: 15    Spells: 8/24 levels left

rFire   . . .        a - staff of cold
rCold   + . .        (no shield)
rNeg    + . .        y - +1 leather armour {rPois}
rPois   +            C - +2 helmet {SInv}
rElec   .            J - +0 cloak
rCorr   .            H - +2 pair of gloves
SInv    +            D - +1 pair of boots
Will    +....        e - amulet of the acrobat
Stlth   ++           j - ring of willpower
HPRegen 0.30/turn    F - ring of positive energy
MPRegen 0.19/turn

%: acrobat
@: weak-willed, acrobatic
A: no striking features
a: Renounce Religion, Channel Magic, Forget Spell, Divine Exegesis


You were on level 1 of the Lair of Beasts.
You worshipped Sif Muna.
Sif Muna was greatly pleased with you.
You visited 2 branches of the dungeon, and saw 12 of its levels.

You collected 1165 gold pieces.
You spent 570 gold pieces at shops.

Inventory:

Armour
 w - a +1 leather armour of cold resistance
 y - a +1 leather armour of poison resistance (worn)
 B - a +4 kite shield of reflection
 C - a +2 helmet of see invisible (worn)
 D - a +1 pair of boots (worn)
 H - a +2 pair of gloves (worn)
 J - a +0 cloak (worn)
 L - a +0 troll leather armour
Magical Staves
 a - a staff of cold (weapon)
Jewellery
 e - an amulet of the acrobat (around neck)
 j - a ring of willpower (left hand)
 k - a ring of flight
 F - a ring of positive energy (right hand)
Wands
 c - a wand of iceblast (10)
 x - a wand of mindburst (18)
 K - a wand of paralysis (2)
Scrolls
 g - 3 scrolls of immolation
 h - a scroll of vulnerability
 l - 3 scrolls of teleportation {unknown}
 n - a scroll of summoning {unknown}
 r - a scroll of brand weapon {unknown}
 s - 2 scrolls of amnesia {unknown}
 u - a scroll of fog {unknown}
 v - 3 scrolls of noise {unknown}
 G - a scroll of silence {unknown}
 N - a scroll of fear {unknown}
Potions
 f - 3 potions of might
 i - 9 potions of curing
 m - 4 potions of flight
 o - a potion of attraction
 p - 3 potions of ambrosia
 q - 2 potions of cancellation
 t - 3 potions of haste {unknown}
 z - 3 potions of mutation {unknown}
 A - 2 potions of degeneration {unknown}
 E - 2 potions of heal wounds
 I - a potion of resistance {unknown}
 M - a potion of lignification {unknown}


   Skills:
 - Level 2.3 Fighting
 - Level 6.0 Armour
 - Level 11.0 Dodging
 - Level 2.4 Stealth
 + Level 6.6 Spellcasting
 - Level 15.2 Conjurations
 + Level 2.5 Transmutations
 + Level 3.4 Earth Magic
 - Level 10.0 Invocations


You had 8 spell levels left.
You knew the following spells:

 Your Spells              Type           Power      Damage    Failure   Level
a - Magic Dart            Conj           100%       1d8       1%          1
b - Searing Ray           Conj           100%       2d8       1%          2
c - Blink                 Tloc           18%        N/A       16%         2
d - Irradiate             Conj/Tmut      27%        3d20      8%          5
e - Iron Shot             Conj/Erth      28%        9d6       32%         6

Your spell library contained the following spells:

 Spells                   Type           Power      Damage    Failure   Level
 Momentum Strike          Conj/Tloc      100%       3d10      1%          2
 Dazzling Flash           Conj/Hex       100%       N/A       1%          3
 Flame Wave               Conj/Fire      50%        2d12      4%          4
 Fulminant Prism          Conj/Hex       25%        3d13      4%          4
 Iskenderun's Mystic Bla  Conj/Tloc      50%        2d11      4%          4
 Sticky Flame             Conj/Fire      50%        2d7       4%          4
 Wereblood                Tmut           22%        N/A       5%          2
 Lesser Beckoning         Tloc           18%        N/A       16%         2
 Sublimation of Blood     Necr           9%         N/A       16%         2
 Gell's Gravitas          Tloc           9%         N/A       30%         3
 Inner Flame              Hex/Fire       9%         N/A       30%         3
 Ozocubu's Armour         Ice            13%        N/A       30%         3
 Teleport Other           Tloc           9%         N/A       30%         3
 Volatile Blastmotes      Fire/Tloc      18%        2d11      30%         3
 Petrify                  Tmut/Erth      24%        N/A       30%         4
 Animate Armour           Summ/Erth      36%        N/A       45%         4
 Lee's Rapid Deconstruct  Erth           13%        3d9*      56%         5
 Blade Hands              Tmut           11%        N/A       69%         5
 Borgnjor's Vile Clutch   Necr/Erth      9%         N/A       80%         5
 Alistair's Intoxication  Tmut/Pois      10%        N/A       86%         5
 Metabolic Englaciation   Hex/Ice        6%         N/A       95%         5
 Eringya's Noxious Bog    Tmut/Pois      7%         N/A       100%        6
 Simulacrum               Ice/Necr       6%         N/A       100%        6
 Summon Hydra             Summ           4%         N/A       100%        7


Dungeon Overview and Level Annotations

Branches:
Dungeon (11/15)            Temple (0/1) D:6            Lair (1/5) D:11
    Orc (0/2) D:9

Altars:
Ashenzari
Gozag
Kikubaaqudgha
Makhleb
Sif Muna
Trog

Shops:
D:8 *([[   D:9 [

Annotations:
D:4 1 runed translucent door, nicolae's ghost, amateur GnWn


Message History

The boulder beetle stops rolling and uncurls.
Casting: Searing Ray (safe; 1% risk of failure)
Confirm with . or Enter, or press ? or * to list all spells.
Aiming: Searing Ray (safe; 1% risk of failure)
Press: ? - help, Shift-Dir - straight line, f/p - boulder beetle
Aim: a boulder beetle (heavily wounded, weak-willed, 100% to hit)
The searing ray hits the boulder beetle.
The boulder beetle is heavily wounded. (Press . to maintain the ray.)
The boulder beetle waves its antennae.
The boulder beetle barely misses you.
The searing ray hits the boulder beetle.
The boulder beetle is severely wounded.
The boulder beetle completely misses you.
The searing ray hits the boulder beetle.
The boulder beetle is severely wounded.
The boulder beetle leaps!
You finish channelling your searing ray.
The boulder beetle curls into a ball and begins rolling!
Casting: Searing Ray (safe; 1% risk of failure)
Confirm with . or Enter, or press ? or * to list all spells.
You can't see any susceptible monsters within range! (Use Z to cast anyway.)
Casting: Searing Ray (safe; 1% risk of failure)
Confirm with . or Enter, or press ? or * to list all spells.
You can't see any susceptible monsters within range! (Use Z to cast anyway.) Unknown command.
Casting: Searing Ray (safe; 1% risk of failure)
Confirm with . or Enter, or press ? or * to list all spells.
Aiming: Searing Ray (safe; 1% risk of failure)
Press: ? - help, Shift-Dir - straight line, f/p - boulder beetle
Aim: a boulder beetle (severely wounded, rolling, weak-willed, 100% to hit)
The searing ray hits the boulder beetle!
The boulder beetle is almost dead. (Press . to maintain the ray.) Unknown command.
The searing ray hits the boulder beetle but does no damage.
The boulder beetle is almost dead.
The boulder beetle hits you!!!
Ouch! That really hurt!
You die...

## ## ############
#.#######.## #..........##
#@B°°.....# #...........##
#.........#
#............###.........#
..........P...##.........#
...........#..##.........#
#####..######..'....)....#
#....# ##.#.........P
##.### #####.##+#### #^.#
##.#.#


You could see a boulder beetle (rolling, weak-willed).

Vanquished Creatures
  Erolcha (D:9)
  A two-headed ogre (D:8)
  A cyclops (D:10)
  A cane toad (Lair:1)
  2 gargoyles
  2 komodo dragons
  2 tengu conjurers (D:10)
  2 trolls
  Sigmund (D:5)
  2 shadows
  A wraith (D:9)
  3 wyverns
  6 yaks (Lair:1)
  A steam dragon (D:11)
  3 basilisks (D:11)
  An acid dragon (D:10)
  6 water moccasins
  An ice beast (D:5)
  2 orc warriors (D:9)
  A sky beast (D:7)
  3 black bears
  7 ogres
  4 wolves (Lair:1)
  4 centaurs
  6 bullfrogs
  3 kobold brigands
  3 scorpions
  7 wights
  18 killer bees
  3 howler monkeys
  2 jellies
  7 hounds
  7 orc priests
  6 iguanas
  A sleepcap (D:5)
  12 orc wizards
  6 hell rats (Lair:1)
  16 adders
  A shadow imp (D:6)
  3 ufetubi
  2 worms
  3 dart slugs
  35 orcs
  10 endoplasms
  2 giant cockroaches
  9 goblins
  4 hobgoblins
  13 jackals
  3 quokkas
  7 ball pythons
  9 bats
  2 frilled lizards (D:2)
  22 kobolds
  7 rats
  2 butterflies (Lair:1)
289 creatures vanquished.

Notes
Turn   | Place    | Note
-------+----------+-------------------------------------------
     0 | D:1      | edwardauron the Deep Elf Conjurer began the quest for the
                  | Orb.
     0 | D:1      | Reached XP level 1. HP: 10/10 MP: 6/6
   308 | D:1      | Reached XP level 2. HP: 15/15 MP: 6/9
   442 | D:1      | Learned a level 2 spell: Searing Ray
   445 | D:1      | Learned a level 2 spell: Blink
   605 | D:1      | Found a faded altar of an unknown god.
   981 | D:1      | Reached XP level 3. HP: 19/19 MP: 9/11
  1018 | D:1      | Reached skill level 5 in Spellcasting
  1923 | D:2      | Reached XP level 4. HP: 18/24 MP: 9/14
  2243 | D:3      | Found a shimmering blue altar of Sif Muna.
  2243 | D:3      | Found a burning altar of Makhleb.
  2248 | D:3      | Became a worshipper of Sif Muna the Loreminder
  2430 | D:3      | Found a bloodstained altar of Trog.
  2665 | D:3      | Reached skill level 1 in Invocations
  3214 | D:4      | Found an opulent altar of Gozag.
  3220 | D:4      | Reached skill level 5 in Conjurations
  3220 | D:4      | Reached XP level 5. HP: 28/28 MP: 9/15
  3414 | D:4      | Reached XP level 6. HP: 32/32 MP: 7/17
  3548 | D:4      | Reached * piety under Sif Muna
  3748 | D:4      | Noticed nicolae's ghost (amateur GnWn)
  3754 | D:4      | Found a runed translucent door.
  4293 | D:4      | Reached skill level 6 in Conjurations
  4924 | D:5      | Entered Level 5 of the Dungeon
  5155 | D:5      | Reached XP level 7. HP: 36/36 MP: 14/18
  5226 | D:5      | Reached skill level 5 in Invocations
  5227 | D:5      | Reached skill level 7 in Conjurations
  5467 | D:5      | Reached ** piety under Sif Muna
  5587 | D:5      | Reached skill level 8 in Conjurations
  5587 | D:5      | Reached XP level 8. HP: 41/41 MP: 13/19
  5758 | D:5      | Noticed Sigmund
  5765 | D:5      | Killed Sigmund
  5819 | D:5      | Reached skill level 15 in Conjurations
  5819 | D:5      | Reached XP level 9. HP: 45/45 MP: 20/20
  5820 | D:5      | Reached XP level 10. HP: 50/50 MP: 21/21
  5995 | D:5      | Identified the +0 ring mail of Intercession {rN+ Will+}
  6603 | D:6      | Found a staircase to the Ecumenical Temple.
  6610 | D:6      | Reached skill level 1 in Fighting
  6682 | D:6      | Reached skill level 1 in Armour
  8414 | D:7      | Noticed a gargoyle
  8420 | D:7      | Killed a gargoyle
  9366 | D:8      | Found Viocisu's Assorted Antiques.
  9369 | D:8      | Found Nivigruh's Antique Armour Shop.
  9383 | D:8      | Found Rixayrr's Weapon Shoppe.
  9429 | D:8      | Reached *** piety under Sif Muna
  9475 | D:8      | Found Vurocymm's Antique Armour Shoppe.
  9548 | D:8      | Bought a shiny kite shield for 225 gold pieces
  9997 | D:8      | Bought a glowing helmet for 180 gold pieces
 10017 | D:8      | Noticed a two-headed ogre
 10025 | D:8      | Killed a two-headed ogre
 10026 | D:8      | Reached XP level 11. HP: 58/58 MP: 12/22
 10869 | D:9      | Found a staircase to the Orcish Mines.
 10872 | D:9      | Found Ugefo's Armour Shoppe.
 10889 | D:9      | Bought a +1 leather armour of poison resistance for 165
                  | gold pieces
 11664 | D:9      | Noticed Erolcha
 11675 | D:9      | Killed Erolcha
 11676 | D:9      | Reached skill level 10 in Invocations
 11914 | D:9      | Found an ancient bone altar of Kikubaaqudgha.
 11923 | D:9      | Found a broken altar of Ashenzari.
 11946 | D:10     | Entered Level 10 of the Dungeon
 12301 | D:10     | Reached **** piety under Sif Muna
 12600 | D:10     | Learned a level 5 spell: Irradiate
 12607 | D:10     | Learned a level 6 spell: Iron Shot
 13644 | D:11     | Reached skill level 5 in Armour
 14194 | D:11     | Found a staircase to the Lair.
 14272 | Lair:1   | Entered Level 1 of the Lair of Beasts
 14450 | Lair:1   | Reached skill level 1 in Earth Magic
 14712 | Lair:1   | Reached skill level 1 in Transmutations
 14792 | Lair:1   | Noticed a boulder beetle
 15055 | Lair:1   | Reached XP level 12. HP: 56/63 MP: 19/23
 15438 | Lair:1   | Mangled by a boulder beetle

Illustrated notes

Levels and vault maps discovered:
D:1:      psy_arrival_statuary, layout_basic,
          dreamdust_ecumenical_altar_angels_and_demons
D:2:      minmay_skewed_foursquare, layout_loops_ring, minmay_misc_feat_x
D:3:      layout_basic, bloody_trog, jmf_multi_god_temple,
          nicolae_concentric_dashed_squares_wild, serial_park_tiny_1,
          st_stairs_4
D:4:      layout_layer_cave, nicolae_gozag_cash_rules_everything_around_me,
          hellmonk_ghost_happy_afterlife, sigmund_army
D:5:      layout_loops_ring, minmay_joined_circles, uniq_sigmund
D:6:      layout_layer_cave, minmay_temple_entry_mini_moons
D:7:      layout_loops_corners
D:8:      layout_basic, serial_shops, shop, nicolae_stop_n_shop_1, shop,
          nicolae_shop_overgrown_old_shop, hangedman_decor_opposing,
          serial_park_tiny_2
D:9:      layout_long_grid, mainiacjoe_overflow_swirl, orc_david_3, uniq_erolcha
D:10:     layout_small_grid
D:11:     layout_irregular_city, erik_lair_dragon, minmay_misc_feat_rugged
Lair:1:   layout_roguey, lemuel_fruit_fields

Skill      XL: |  1  2  3  4  5  6  7  8  9 10 11 |
---------------+----------------------------------+-----
Spellcasting   | 4 6 |  6.6
Invocations    | 2 3 4 6 8 10 | 10.0
Conjurations   | 5 6 8 15 | 15.2
Dodging        | 11 | 11.0
Fighting       | 2 |  2.3
Armour         | 2 6 |  6.0
Earth Magic    | 3 |  3.4
Transmutations | 2 |  2.5
Stealth        | |  2.4

Action                     |  1- 3 |  4- 6 |  7- 9 | 10-12 || total
---------------------------+-------+-------+-------+-------++-------
  Melee: Dagger            |       |     3 |       |       ||     3
         Staff             |       |       |       |    19 ||    19
   Cast: Magic Dart        |    92 |   118 |    18 |   230 ||   458
         Searing Ray       |       |    14 |    13 |   140 ||   167
 Invoke: Channel Magic     |       |       |       |     4 ||     4
    Use: Scroll            |       |     3 |       |    11 ||    14
         Potion            |       |       |     3 |     1 ||     4
 Armour: Robe              |     3 |     3 |     7 |       ||    13
         Leather armour    |       |       |       |    64 ||    64
  Dodge: Dodged            |     8 |    20 |    18 |   346 ||   392
